 Dungeon Crawl Stone Soup version 0.28.0-43-g3370ac3207 (webtiles) character file.

Game seed: 9361612988235045295

16 Nadira the Magician (level 2, 0/21 HPs)
             Began as a Djinni Fire Elementalist on Mar 14, 2022.
             Slain by a bat (1 damage)
             ... on level 1 of the Dungeon.
             The game lasted 00:03:29 (434 turns).

Nadira the Magician (Djinni Fire Elementalist)       Turns: 434, Time: 00:03:29

Health: 0/21       AC:  2    Str:  7    XL:     2   Next: 70%
Gold:   29         EV: 12    Int: 16    God:
                   SH:  0    Dex: 13

rFire   + + .      SeeInvis .   (no weapon)
rCold   x . .      Faith    .   (no shield)
rNeg    . . .      Spirit   .   a - +0 robe
rPois   ∞          Reflect  .   (no helmet)
rElec   .          Harm     .   (no cloak)
rCorr   .          Rampage  .   (no gloves)
Will    .....                   (boots unavailable)
Stlth   ++........              (no amulet)
HPRegen 0.07/turn               (no ring)
MPRegen 0.00/turn               (no ring)

@: flying, studying Short Blades
A: sickness immunity, fire resistance 2, cold vulnerability 1, float, innate
caster, HP casting, extra vitality 1
a: no special abilities


You were on level 1 of the Dungeon.
You visited 1 branch of the dungeon, and saw 1 of its levels.

You collected 29 gold pieces.

Inventory:

Armour
 a - a +0 robe (worn)
Potions
 b - a potion of flight


   Skills:
 * Level 0.2 Fighting
 * Level 2.3 Dodging
 * Level 1.6 Stealth
 * Level 2.9 Spellcasting


You couldn't memorise any spells.
You knew the following spells:

 Your Spells              Type           Power      Damage    Failure   Level
a - Foxfire               Conj/Fire      44%        2x1d6     5%          1
b - Scorch                Fire           22%        2d6       9%          2
c - Conjure Flame         Conj/Fire      11%        6-21      17%         3
d - Inner Flame           Hex/Fire       11%        N/A       17%         3
e - Flame Wave            Conj/Fire      11%        2d5       50%         4
Your spell library was empty.

Dungeon Overview and Level Annotations

Branches:
Dungeon (1/15)

Altars:


Innate Abilities, Weirdness & Mutations

You are immune to sickness and miasma.
You are immune to poison.
Your flesh is very heat resistant. (rF++)
You are vulnerable to cold. (rC-)
You float through the air rather than walking.
You learn spells naturally, not from books.
Your magical power is your life essence.
You have superior vitality. (+4 MHP)


Message History

The bat hits you but does no damage.
There is a stone staircase leading down here.
The bat hits you but does no damage. The ball python bites you.
* * * LOW HITPOINT WARNING * * *
The ball python grabs you. The ball python constricts you.
You escape the ball python's grasp.
The bat hits you.
* * * LOW HITPOINT WARNING * * *
The bat closely misses you.
You cannot cast spells when silenced!
The bat hits you but does no damage.
Your hearing returns.
The bat barely misses you.
Casting: Scorch (safe; 9% risk of failure)
Press: ? - help, Q - select action, (/) - cycle Dir - look around, f - activate Look: a bat Flames lash the ball python.
You kill the ball python!
* * * LOW HITPOINT WARNING * * *
The bat hits you but does no damage.
Casting: Scorch (safe; 9% risk of failure)
Confirm with . or Enter, or press ? or * to list all spells.
You conjure some foxfire!
* * * LOW HITPOINT WARNING * * *
The bat hits you but does no damage. What are your orders? t - Shout!
Orders for allies: a - Attack new target. p - Attack previous target. r - Retreat! s - Stop attacking. g - Guard the area. f - Follow me.
Anything else - Cancel.
Gang up on whom?
Press: ? - help, Dir - move target, f/p - bat
Aim: a bat (ally target) Attack!
The foxfire hits the bat but does no damage. x2
The bat hits you but does no damage.
Unknown command.
Okay, then.
Found 21 stones.
The bat hits you.
You die...

≈≈§≈.................#####.......
≈≈≈.......######...#.............
###.8.....###.............##8....
###............#..# ....###(.....
..........#...###.####...........
..........#......................
........#...................8..÷.
..............§.b..>.............
###.#..##.#....§@...........#..?.
#.#..# .#.................#####
#............................
#.............................
#..............................
#..............................
#...#####......................
#.###.....(...


You could see a bat.

Vanquished Creatures
  A dart slug (D:1)
  2 hobgoblins (D:1)
  2 jackals (D:1)
  2 ball pythons (D:1)
  3 bats (D:1)
  A kobold (D:1)
  3 rats (D:1)
14 creatures vanquished.

Vanquished Creatures (others)
  13 foxfires (D:1)
13 creatures vanquished.

Grand Total: 27 creatures vanquished

Notes
Turn   | Place    | Note
-------+----------+-------------------------------------------
     0 | D:1      | Nadira the Djinni Fire Elementalist began the quest for the
                  | Orb.
     0 | D:1      | Reached XP level 1. HP: 15/15 MP: 0/0
   114 | D:1      | Reached XP level 2. HP: 5/21 MP: 0/0
   408 | D:1      | Found a faded altar of an unknown god.
   434 | D:1      | Slain by a bat

Illustrated notes

Levels and vault maps discovered:
D:1:      grunt_arrival_lava_bath, layout_rooms,
          shapermc_ecumenical_altar_pompeii

Action                   || total
-------------------------++-------
 Cast: Foxfire           ||     9
       Scorch            ||     7
  Use: Scroll            ||     2
       Potion            ||     1
Armor: Robe              ||    12
Dodge: Dodged            ||    12
